 Dungeon Crawl Stone Soup version 0.29-a0-495-g17b79114eb (webtiles) character file.

Game seed: 9528656126275908134

140 bande the Covered (level 5, -1/33 HPs)
             Began as a Gargoyle Fighter on May 28, 2022.
             Slain by Menkaure (14 damage)
             ... on level 4 of the Dungeon.
             The game lasted 00:08:30 (3684 turns).

bande the Covered (Gargoyle Fighter)                Turns: 3684, Time: 00:08:31

Health: -1/33      AC: 13    Str: 19    XL:     5   Next: 22%
Magic:  5/5        EV:  7    Int:  9    God:
Gold:   158        SH:  9    Dex: 11    Spells: 4/4 levels left

rFire   . . .      SeeInvis +   r - +1 hand axe (drain)
rCold   . . .      Faith    .   c - +0 buckler
rNeg    + . .      Spirit   .   h - +0 chain mail
rPois   ∞          Reflect  +   (helmet restricted)
rElec   +          Harm     .   (no cloak)
rCorr   .          Rampage  .   (no gloves)
Will    .....                   (no boots)
Stlth   ..........              n - amulet of reflection
HPRegen 0.11/turn               b - ring of see invisible
MPRegen 0.09/turn               (no ring)

@: no status effects
A: sickness immunity, AC +4, negative energy resistance 1, electricity
resistance, torment resistance 1, petrification resistance, antennae 1,
camouflage 1
a: no special abilities


You were on level 4 of the Dungeon.
You visited 1 branch of the dungeon, and saw 4 of its levels.

You collected 158 gold pieces.

Inventory:

Hand Weapons
 a - a +0 war axe
 r - a +1 hand axe of draining (weapon)
Armour
 c - a +0 buckler (worn)
 h - a +0 chain mail (worn)
 p - a +0 helmet
Jewellery
 b - a ring of see invisible (left hand)
 i - a ring of fire
 l - a ring of wizardry
 n - an amulet of reflection (around neck)
Wands
 v - a wand of flame (18)
Scrolls
 m - a scroll of identify
 q - a scroll of teleportation {unknown}
 u - a scroll of poison {unknown}
Potions
 d - 2 potions of might
 e - a potion of flight
 f - 3 potions of curing
 g - a potion of heal wounds
 j - a potion of attraction {unknown}
 k - 2 potions of berserk rage
 o - 2 potions of invisibility {unknown}
 s - 2 potions of ambrosia {unknown}
 t - a potion of lignification {unknown}
 w - a potion of mutation


   Skills:
 + Level 4.0 Fighting
 + Level 3.5 Axes
 + Level 4.1 Armour
 - Level 0.5 Stealth
 + Level 3.6 Shields


You had 4 spell levels left.
You didn't know any spells.
Your spell library contained the following spells:

 Spells                   Type           Power      Damage    Failure   Level
 Apportation              Tloc           0%         N/A       99%         1
 Necrotize                Necr           0%         1d4       99%         1
 Summon Small Mammal      Summ           0%         N/A       99%         1


Dungeon Overview and Level Annotations

Branches:
Dungeon (4/15)
 Temple: D:4-7

Altars:
Cheibriados
Gozag

Shops:
D:4 [

Annotations:
D:4 Menkaure


Innate Abilities, Weirdness & Mutations

You are immune to sickness and miasma.
Your stone body is resilient. (AC +4)
You are immune to poison.
You resist negative energy. (rN+)
You are resistant to electric shocks. (rElec)
You are resistant to unholy torment.
You are immune to petrification.
You have a pair of small antennae on your head.
Your skin changes colour to match your surroundings (Stealth+).


Message History

You kill the dart slug!
No target in view!
No target in view!
No target in view!
No target in view!
No target in view!
An endoplasm comes into view.
Found a potion of mutation.
The endoplasm quivers.
An endoplasm is nearby!
The endoplasm freezes you.
You are frozen.
You hit the endoplasm but do no damage. You drain the endoplasm.
The endoplasm is heavily wounded.
The endoplasm hits you but does no damage.
You slash the endoplasm!
You kill the endoplasm!
No target in view!
No target in view!
You see here a potion of mutation.
w - a potion of mutation Menkaure, Prince of Dust comes into view.
Menkaure shouts!
Menkaure is nearby!
Found a bubbling dark potion.
You hit Menkaure.
Menkaure is lightly damaged.
Menkaure hits you!
You slash Menkaure!
Menkaure is heavily damaged.
Menkaure mumbles some strange words.
Menkaure seems to speed up.
You hit Menkaure but do no damage.
Menkaure is heavily damaged.
Menkaure barely misses you.
You hit Menkaure.
Menkaure is heavily damaged.
Menkaure points at you and mumbles some strange words.
Pain shoots through your body! Menkaure hits you!
You die...

.#..# .... #..# ## #..#
.. ### #..##.# ..
#.....# ## #. #..#### ##
#...##M## #.....## #.
.......@###..#...######.
##
.....!#......#..........
.#
........####.#...######.
.# #...##.##
#.#####...... .# ##.#
#.# #.# #.##### .#
#.###.## #.# #.# .#
#.##...## #.# #.# .#####
#.#.#.#.###.# #.# .....#
###..##.##.##.# #.#


You could see Menkaure (fast).

Vanquished Creatures
  4 adders
  A white imp (D:3)
  A worm (D:2)
  4 dart slugs
  4 orcs
  6 ball pythons
  6 bats
  7 endoplasms
  2 giant cockroaches (D:1)
  6 goblins
  7 hobgoblins
  6 jackals (D:1)
  8 kobolds
  3 quokkas
  3 frilled lizards
  8 rats
76 creatures vanquished.

Vanquished Creatures (others)
  3 demonic plants (D:2)
  3 fungi (D:2)
  A withered plant (D:2)
7 creatures vanquished.

Grand Total: 83 creatures vanquished

Notes
Turn   | Place    | Note
-------+----------+-------------------------------------------
     0 | D:1      | bande the Gargoyle Fighter began the quest for the Orb.
     0 | D:1      | Reached XP level 1. HP: 14/14 MP: 1/1
   207 | D:1      | Reached XP level 2. HP: 18/19 MP: 2/2
   516 | D:1      | Reached XP level 3. HP: 24/24 MP: 3/3
  1375 | D:2      | Reached XP level 4. HP: 25/29 MP: 4/4
  1671 | D:2      | Found a faded altar of an unknown god.
  1902 | D:2      | Gained mutation: You have a pair of small antennae on your
                  | head. [potion of mutation]
  1902 | D:2      | Gained mutation: Your skin changes colour to match your
                  | surroundings (Stealth+). [potion of mutation]
  2717 | D:3      | Found an opulent altar of Gozag.
  2791 | D:3      | Reached XP level 5. HP: 28/33 MP: 5/5
  2955 | D:3      | Found a snail-covered altar of Cheibriados.
  3576 | D:4      | Found Cuam's Antique Armour Boutique.
  3679 | D:4      | Noticed Menkaure
  3684 | D:4      | Slain by Menkaure

Illustrated notes

Levels and vault maps discovered:
D:1:      tarquinn_simple_flora_water_a, layout_loops_corners
D:2:      layout_loops_ring, shapermc_ecumenical_altar_gd,
          guppyfry_early_orc_mine
D:3:      layout_loops_corners, nicolae_gozag_seed_capital,
          kennysheep_slug_shrine
D:4:      layout_loops_ring, lemuel_zombie_altar_kikubaaqudgha,
          overflow_temple_1_default, kennysheep_mini,
          minmay_temple_entry_from_below_a, serial_shops, shop, uniq_menkaure,
          uniq_duvessa, uniq_ijyb, uniq_crazy_yiuf_cottage

Skill      XL: |  1  2  3  4 |
---------------+-------------+-----
Axes           | 2 3 |  3.5
Armour         | 4 |  4.1
Fighting       | 4 |  4.0
Stealth        | |  0.5
Shields        | |  3.6

Action                   |  1- 3 |  4- 6 || total
-------------------------+-------+-------++-------
Melee: War axe           |    88 |    75 ||   163
       Hand axe          |       |    30 ||    30
  Use: Scroll            |       |     6 ||     6
       Potion            |       |     1 ||     1
Armor: Scale mail        |    51 |       ||    51
       Chain mail        |    11 |    66 ||    77
Dodge: Dodged            |    32 |    34 ||    66
Block: Buckler           |    26 |    30 ||    56
       Reflection        |       |     2 ||     2

Table legend: (Time is in decaauts)
 A = Elapsed time spent in this place.
 B = Non-inter-level travel time spent in this place.
 C = Inter-level travel time spent in this place.
 D = Time resting spent in this place.
 E = Time spent auto-exploring this place.
 F = Levels seen in this place.
 G = Mean time per level.
                   A        B        C        D        E       F      G
               +--------+--------+--------+--------+--------+-----+--------+
         Total |   3759 |   3731 |     28 |      0 |   2464 |   4 |  939.8 |
       Dungeon |   3759 |   3731 |     28 |      0 |   2464 |   4 |  939.8 |
               +--------+--------+--------+--------+--------+-----+--------+

Top non-repeatable levels by time:
     D:1: 1349 daAuts
     D:3: 1297 daAuts
     D:2: 961 daAuts
     D:4: 150 daAuts
